[Event "42nd Olympiad Baku 2016 Women"]
[Site "Baku"]
[Date "2016.09.04"]
[Round "3.7"]
[White "Enkhtuul, Altan-Ulzii"]
[Black "Barrett, Ariel"]
[Result "1-0"]
[ECO "D02"]
[WhiteElo "2288"]
[BlackElo "1763"]
[Annotator ""]
[PlyCount "79"]
[EventDate "2016.??.??"]
[EventCountry "AZE"]
[SourceTitle "playchess.com"]
[Source "ChessBase"]
[WhiteTeam "Mongolia"]
[BlackTeam "Jamaica"]
[WhiteTeamCountry "MGL"]
[BlackTeamCountry "JAM"]
[TimeControl "40/5400+30:1800+30"]

1. Nf3 {(00:00)} d5 {(00:13)} 2. d4 {(00:03)} Nf6 {
(00:12)} 3. g3 {(00:05)} Bf5 {(00:09)} 4. Bg2 {(00:
04)} e6 {(00:17)} 5. Nbd2 {(00:11)} h6 {(00:16)} 6. O-O {
(00:13)} c6 {(00:33)} 7. c4 {(00:29)} Nbd7 {(00:24]
} 8. a4 {(03:32)} a5 {(04:56)} 9. c5 {(01:04)} b6 {
(06:08)} 10. Nb3 {(08:08)} bxc5 {(02:37)} 11. dxc5 {
(01:01)} Nxc5 {(12:50)} 12. Nbd4 {(00:47)} Bh7 {(
00:51)} 13. Nxc6 {(02:00)} Qb6 {(00:50)} 14. Ncd4 {(02:15]
} Be7 {(06:23)} 15. Nb5 {(01:49)} O-O {(02:06)} 16. Bf4 {
(01:04)} Rac8 {(05:08)} 17. Be5 {(07:17)} Ncd7 {(
05:43)} 18. Bd4 {(14:22)} Bc5 {(11:03)} 19. Rc1 {(02:01)}
Bxd4 {(07:29)} 20. Qxd4 {(01:33)} Qb8 {(03:49)} 21. b4 {
(06:30)} axb4 {(07:45)} 22. Qxb4 {(00:18)} Rxc1 {(
01:59)} 23. Rxc1 {(00:07)} Rc8 {(00:18)} 24. Ra1 {(06:28)}
Rc4 {(04:03)} 25. Qe7 {(00:30)} Bg6 {(03:17)} 26. Nh4 {
(08:44)} Bh5 {(02:41)} 27. Bf3 {(06:50)} Qe5 {(02:
08)} 28. Ra2 {(03:12)} Bxf3 {(03:36)} 29. Nxf3 {(00:16)}
Rc1+ {(01:09)} 30. Kg2 {(00:12)} Qh5 {(03:06)} 31. Qa3 {
(01:26)} Rb1 {(02:15)} 32. Qd3 {(00:36)} Rc1 {(00:
38)} 33. Rc2 {(00:18)} Rxc2 {(00:45)} 34. Qxc2 {(00:02)}
Qg4 {(00:37)} 35. Nd6 Qg6 {(00:41)} 36. Qc8+ {(04:28)} Kh7
{(00:19)} 37. a5 {(00:50)} Qb1 {(00:03)} 38. Nxf7 {
(00:20)} Qa1 {(00:51)} 39. Nh4 {(00:43)} Ng8 {(00:
50)} 40. Qc2+ {(00:00)} 1-0

[Event "42nd Olympiad Baku 2016 Women"]
[Site "Baku"]
[Date "2016.09.04"]
[Round "3.15"]
[White "Eric, Jovana"]
[Black "Vrbova, Niki"]
[Result "1/2-1/2"]
[ECO "B30"]
[WhiteElo "2161"]
[BlackElo "2186"]
[Annotator ""]
[PlyCount "154"]
[EventDate "2016.??.??"]
[EventCountry "AZE"]
[SourceTitle "playchess.com"]
[Source "ChessBase"]
[WhiteTeam "Serbia"]
[BlackTeam "Slovakia"]
[WhiteTeamCountry "SRB"]
[BlackTeamCountry "SVK"]
[TimeControl "40/5400+30:1800+30"]

1. e4 {(00:00)} c5 {(00:00)} 2. Nf3 {(00:00)} Nc6 {
(00:00)} 3. Nc3 {(00:00)} e5 {(00:01)} 4. Bc4 {(00:
26)} Be7 {(01:14)} 5. d3 {(01:05)} d6 {(00:44)} 6. Nd2 {
(02:13)} Nf6 {(00:33)} 7. Nf1 {(00:28)} Bg4 {(03:
15)} 8. f3 {(00:32)} Be6 {(00:07)} 9. Ne3 {(00:23)} O-O {
(00:48)} 10. O-O {(01:12)} h6 {(04:45)} 11. Ncd5 {(
07:08)} Rb8 {(04:55)} 12. a3 {(08:03)} b5 {(01:21)} 13.
Ba2 {(00:12)} a5 {(02:50)} 14. c3 {(04:15)} Kh8 {(
05:15)} 15. f4 {(03:57)} exf4 {(00:56)} 16. Nxf4 {(01:33)}
Bxa2 {(02:19)} 17. Rxa2 {(00:03)} b4 {(08:54)} 18. axb4 {
(00:52)} axb4 {(05:12)} 19. Nf5 {(00:40)} Rb7 {(11:
49)} 20. Qf3 {(09:59)} Ne5 {(15:36)} 21. Qg3 {(00:26)} Rg8
{(04:21)} 22. d4 {(06:45)} cxd4 {(07:25)} 23. cxd4 {
(00:05)} Nc4 {(07:43)} 24. b3 {(01:34)} Na3 {(02:
23)} 25. Qh3 {(03:17)} Nh7 {(01:29)} 26. Nd5 {(03:41)} Bg5
{(03:10)} 27. Bxa3 {(01:08)} bxa3 {(00:06)} 28. Rxa3 {
(00:04)} Nf6 {(02:49)} 29. Nxf6 {(00:59)} Qxf6 {(
00:05)} 30. Ra6 {(00:24)} Qe6 {(02:42)} 31. Nxd6 {(07:52)}
Qxh3 {(00:06)} 32. gxh3 {(00:02)} Be3+ {(00:08)} 33. Kh1 {
(01:02)} Rxb3 {(00:31)} 34. Nxf7+ {(00:05)} Kh7 {(
00:05)} 35. d5 {(00:10)} Rb2 {(02:35)} 36. Nd6 {(04:05)}
Bd4 {(00:48)} 37. Nc4 {(03:00)} Rc2 {(00:52)} 38. Ra4 {
(01:48)} Re8 {(00:19)} 39. Na3 {(11:06)} Rd2 {(00:
10)} 40. Nb1 {(00:00)} Rd3 {(00:00)} 41. Re1 {(05:04)} Rb8
{(03:26)} 42. Ra2 {(07:02)} Re3 {(01:59)} 43. Rd1 {
(05:26)} Rxe4 {(03:17)} 44. Ra4 {(00:25)} Rb2 {(05:
21)} 45. Nd2 {(04:28)} Rf4 {(00:58)} 46. d6 {(02:20)} Be5
{(03:15)} 47. Rxf4 {(01:22)} Bxf4 {(00:08)} 48. d7 {
(00:08)} Rb8 {(02:45)} 49. Ne4 {(01:41)} Bc7 {(04:
07)} 50. Rc1 {(02:21)} Ba5 {(01:16)} 51. Nd6 {(02:04)} Rd8
{(02:47)} 52. Nb7 {(00:13)} Rxd7 {(00:14)} 53. Nxa5 {
(00:04)} Rd3 {(00:48)} 54. Nc4 {(05:31)} Rxh3 {(00:
12)} 55. Kg2 {(00:04)} Rb3 {(00:29)} 56. Ne5 {(00:13)} Rb5
{(02:57)} 57. Nf3 {(00:36)} Kg6 {(01:28)} 58. Rc7 {
(00:22)} Kf6 {(00:29)} 59. Kg3 {(00:31)} Rb3 {(00:
27)} 60. Rd7 {(01:45)} Ra3 {(00:56)} 61. h4 {(02:03)} g6 {
(03:15)} 62. Kg4 {(01:02)} Ra1 {(01:04)} 63. Rd6+ {
(00:13)} Kg7 {(00:22)} 64. Ne5 {(02:07)} Ra4+ {(00:
22)} 65. Kg3 {(00:55)} g5 {(01:00)} 66. h5 {(04:26)} Rh4 {
(00:07)} 67. Rd7+ {(03:36)} Kf6 {(00:40)} 68. Ng4+ {
(00:53)} Ke6 {(00:24)} 69. Ra7 {(01:53)} Rxh5 {(00:
29)} 70. Ra6+ {(00:03)} Kf5 {(01:02)} 71. Nxh6+ {(01:06)}
Ke4 {(00:07)} 72. Kg4 {(00:09)} Rh1 {(00:12)} 73. Kxg5 {
(00:05)} Rg1+ {(00:13)} 74. Ng4 {(00:07)} Rb1 {(00:
41)} 75. Re6+ {(01:02)} Kd5 {(00:06)} 76. Re2 {(01:13)}
Kd4 {(00:48)} 77. Kf4 {(00:26)} Kd5 {(00:27)} 1/2-1/2

[Event "42nd Olympiad Baku 2016 Women"]
[Site "Baku"]
[Date "2016.09.04"]
[Round "3.32"]
[White "Espinosa Cancino, Monica"]
[Black "Machlik, Monika"]
[Result "0-1"]
[ECO "A46"]
[WhiteElo "1679"]
[BlackElo "2060"]
[Annotator ""]
[PlyCount "124"]
[EventDate "2016.??.??"]
[EventCountry "AZE"]
[SourceTitle "playchess.com"]
[Source "ChessBase"]
[WhiteTeam "Scotland"]
[BlackTeam "Norway"]
[WhiteTeamCountry "SCO"]
[BlackTeamCountry "NOR"]
[TimeControl "40/5400+30:1800+30"]

1. d4 {(00:00)} Nf6 {(00:00)} 2. Nf3 {(00:00)} e6 {
(00:00)} 3. g3 {(00:00)} b5 {(00:43)} 4. Bg5 {(00:
18)} Bb7 {(05:10)} 5. Nbd2 {(00:17)} d5 {(12:22)} 6. e3 {
(08:37)} a6 {(02:02)} 7. Bd3 {(12:30)} c5 {(07:04)}
8. c3 {(02:17)} Nbd7 {(02:30)} 9. Bxf6 {(08:08)} Nxf6 {
(01:06)} 10. Ne5 {(05:35)} Bd6 {(03:56)} 11. O-O {(
10:16)} O-O {(06:08)} 12. f4 {(06:40)} b4 {(02:10)} 13.
Ng4 {(05:46)} Nxg4 {(13:11)} 14. Qxg4 {(00:18)} f5 {
(00:53)} 15. Qh3 {(03:53)} a5 {(05:21)} 16. Bc2 {(
02:25)} Qb6 {(12:48)} 17. Rab1 {(09:21)} Rac8 {(02:07)}
18. g4 {(07:41)} g6 {(01:22)} 19. Nf3 {(02:35)} Rc7 {
(01:31)} 20. Rf2 {(03:38)} Rg7 {(02:07)} 21. Rg2 {(
00:52)} Bc8 {(04:27)} 22. Qh6 {(01:47)} fxg4 {(04:27)} 23.
Ne5 {(01:11)} Bxe5 {(02:25)} 24. fxe5 {(00:07)} Qb5 {
(02:48)} 25. Rxg4 {(00:59)} Qe2 {(00:55)} 26. Rg2 {
(00:02)} Qb5 {(03:48)} 27. Rd1 {(00:42)} Ba6 {(00:
35)} 28. Bd3 {(01:01)} Qc6 {(00:21)} 29. Bxa6 {(03:56)}
Qxa6 {(00:01)} 30. h4 {(01:55)} Rf5 {(01:01)} 31. e4 {
(01:16)} dxe4 {(00:56)} 32. Qe3 {(00:13)} Rgf7 {(
00:40)} 33. Qxe4 {(00:47)} Rf1+ {(00:34)} 34. Rxf1 {(00:
05)} Qxf1+ {(00:07)} 35. Kh2 {(00:05)} Rf4 {(00:51)} 36.
Qe3 {(01:33)} Rxh4+ {(00:43)} 37. Kg3 {(00:01)} Qh1 {
(00:37)} 38. Kf2 {(00:17)} Rh5 {(00:32)} 39. Qe4 {(
01:16)} Rf5+ {(00:29)} 40. Ke2 {(00:00)} Qf1+ {(00:00)}
41. Ke3 {(12:53)} bxc3 {(13:26)} 42. bxc3 {(03:44)} c4 {
(02:05)} 43. Kd2 {(04:47)} Rf4 {(08:31)} 44. Qa8+ {
(02:41)} Rf8 {(00:42)} 45. Qe4 {(00:57)} Rb8 {(02:
05)} 46. Ke3 {(04:18)} Qe1+ {(01:01)} 47. Re2 {(00:10)}
Qxc3+ {(00:35)} 48. Kf2 {(00:32)} Rd8 {(01:07)} 49. Qg4 {
(01:29)} Qxd4+ {(00:28)} 50. Qxd4 {(00:24)} Rxd4 {(
00:00)} 51. Ke3 {(00:19)} Rd5 {(01:25)} 52. Ke4 {(00:22)}
c3 {(00:49)} 53. Rc2 {(00:19)} Rc5 {(00:26)} 54. Kd4 {
(00:23)} Rc8 {(00:47)} 55. Rxc3 {(01:01)} Rxc3 {(
00:42)} 56. Kxc3 {(00:02)} h5 {(00:13)} 57. Kd3 {(00:17)}
g5 {(00:29)} 58. Ke3 {(00:06)} Kf7 {(00:14)} 59. Kf3 {
(00:16)} Kg6 {(00:04)} 60. Ke4 {(00:19)} h4 {(00:
06)} 61. a3 {(00:16)} h3 {(00:13)} 62. Kf3 {(00:05)} g4+ {
(00:22)} 0-1

[Event "42nd Olympiad Baku 2016 Women"]
[Site "Baku"]
[Date "2016.09.04"]
[Round "3.11"]
[White "Exler, Veronika"]
[Black "Myronenko, Natalya"]
[Result "1-0"]
[ECO "E10"]
[WhiteElo "2220"]
[BlackElo "1922"]
[Annotator ""]
[PlyCount "117"]
[EventDate "2016.??.??"]
[EventCountry "AZE"]
[SourceTitle "playchess.com"]
[Source "ChessBase"]
[WhiteTeam "AUT"]
[BlackTeam "ICCD"]
[WhiteTeamCountry "AUT"]
[BlackTeamCountry "UKR"]
[TimeControl "40/5400+30:1800+30"]

1. d4 {(00:00)} Nf6 {(00:27)} 2. c4 {(00:00)} e6 {(
00:16)} 3. Nf3 {(00:00)} d5 {(00:50)} 4. g3 {(00:00)} Bb4+
{(00:13)} 5. Bd2 {(00:00)} Be7 {(00:08)} 6. Bg2 {(
00:00)} O-O {(00:44)} 7. O-O {(00:05)} Nbd7 {(01:15)} 8.
Nc3 {(09:10)} c6 {(00:57)} 9. Bf4 {(00:09)} Nh5 {(
01:18)} 10. Bc1 {(00:07)} Nhf6 {(00:07)} 11. Re1 {(09:45)}
b6 {(01:44)} 12. e4 {(09:03)} dxc4 {(00:57)} 13. d5 {
(00:50)} cxd5 {(02:52)} 14. exd5 {(00:20)} Nxd5 {(
04:59)} 15. Nxd5 {(00:15)} exd5 {(00:05)} 16. Qxd5 {(00:
15)} Ba6 {(00:12)} 17. Nd4 {(12:04)} Bb4 {(20:24)} 18. Rd1
{(39:36)} Nf6 {(04:55)} 19. Qxa8 {(00:16)} Qxa8 {(
00:29)} 20. Bxa8 {(00:01)} Rxa8 {(00:11)} 21. Nc2 {(03:24]
} Bc5 {(04:05)} 22. Be3 {(00:05)} Ne4 {(01:48)} 23. f3 {
(07:52)} Bxe3+ {(00:53)} 24. Nxe3 {(00:01)} Nc5 {(
00:22)} 25. Rd4 {(03:20)} Ne6 {(07:09)} 26. Rd7 {(01:23)}
Bb5 {(01:04)} 27. Rd6 {(00:25)} g6 {(03:10)} 28. Rc1 {
(00:35)} Rc8 {(03:25)} 29. b3 {(00:11)} Ng5 {(08:
56)} 30. Kf2 {(01:02)} Kg7 {(05:28)} 31. h4 {(01:42)} Ne6
{(01:17)} 32. Nxc4 {(00:01)} Nc5 {(00:45)} 33. Rc2 {
(01:13)} Bxc4 {(04:06)} 34. Rxc4 {(00:31)} b5 {(00:
20)} 35. Rcd4 {(00:45)} Ne6 {(00:24)} 36. Rd2 {(00:19)}
Rc3 {(03:52)} 37. R6d3 {(00:46)} Rc6 {(00:02)} 38. Rd7 {
(00:20)} Ra6 {(03:30)} 39. Rb7 {(00:38)} Ra5 {(00:
43)} 40. b4 {(00:00)} Ra4 {(00:00)} 41. Rxb5 {(07:28)} h6
{(02:08)} 42. Rb7 {(02:15)} a6 {(01:11)} 43. Rdd7 {
(07:57)} Rxa2+ {(00:32)} 44. Ke3 {(00:01)} Ra3+ {(
01:32)} 45. Ke4 {(00:14)} a5 {(06:32)} 46. Rxf7+ {(00:47)}
Kg8 {(00:20)} 47. Rfe7 {(01:43)} Nf8 {(00:13)} 48. b5 {
(12:38)} Ra4+ {(00:54)} 49. Ke5 {(00:11)} Ra3 {(00:
12)} 50. Rg7+ {(00:53)} Kh8 {(00:08)} 51. Rgf7 {(00:08)}
Kg8 {(01:15)} 52. Rf6 {(00:24)} Re3+ {(00:43)} 53. Kd6 {
(00:08)} Rd3+ {(01:14)} 54. Kc6 {(01:02)} Rd8 {(02:
15)} 55. b6 {(00:49)} h5 {(07:56)} 56. Ra7 {(00:30)} Rc8+
{(01:46)} 57. Kb5 {(00:32)} Re8 {(03:03)} 58. b7 {(
01:49)} Re5+ {(01:05)} 59. Kc6 {(00:45)} 1-0

[Event "42nd Olympiad Baku 2016 Women"]
[Site "Baku"]
[Date "2016.09.04"]
[Round "3.20"]
[White "Faqeeh, Yara"]
[Black "Fukuya, Natsumi"]
[Result "0-1"]
[ECO "A65"]
[WhiteElo "1499"]
[BlackElo "1636"]
[Annotator ""]
[PlyCount "64"]
[EventDate "2016.??.??"]
[EventCountry "AZE"]
[SourceTitle "playchess.com"]
[Source "ChessBase"]
[WhiteTeam "Palestine"]
[BlackTeam "Japan"]
[WhiteTeamCountry "PLE"]
[BlackTeamCountry "JPN"]
[TimeControl "40/5400+30:1800+30"]

1. d4 {(00:00)} Nf6 {(00:00)} 2. c4 {(00:00)} c5 {(
00:00)} 3. d5 {(00:38)} e6 {(00:04)} 4. Nc3 {(00:54)} exd5
{(00:06)} 5. cxd5 {(00:12)} d6 {(00:08)} 6. e4 {(
01:10)} g6 {(00:28)} 7. Bd3 {(00:54)} Bg7 {(00:47)} 8.
Nge2 {(01:07)} O-O {(01:28)} 9. O-O {(01:56)} a6 {(
01:05)} 10. a4 {(03:01)} b6 {(04:47)} 11. Bg5 {(03:43)}
Qe7 {(07:22)} 12. Qd2 {(05:29)} Re8 {(02:13)} 13. Ng3 {
(04:35)} Bb7 {(02:00)} 14. Rae1 {(07:25)} Nbd7 {(
17:24)} 15. h4 {(26:24)} h5 {(08:48)} 16. f4 {(10:26)} Qf8
{(09:21)} 17. f5 {(08:02)} Ne5 {(05:23)} 18. fxg6 {
(02:21)} fxg6 {(01:57)} 19. Be2 {(04:44)} Qe7 {(03:
23)} 20. Rf2 {(02:23)} Rf8 {(01:28)} 21. Ref1 {(00:32)}
Rf7 {(03:20)} 22. Qe3 {(03:56)} Qf8 {(23:43)} 23. Qd2 {
(07:30)} Ra7 {(01:41)} 24. Nd1 {(01:17)} Bc8 {(00:
28)} 25. Ne3 {(01:18)} Bg4 {(00:13)} 26. Bf3 {(01:47)} Qe8
{(02:58)} 27. Bxf6 {(01:00)} Bxf6 {(01:07)} 28. Bxg4 {
(00:37)} hxg4 {(00:30)} 29. Rxf6 {(00:13)} Rxf6 {(
00:26)} 30. Rxf6 {(00:13)} Qe7 {(01:00)} 31. Rf2 {(01:04)}
Qxh4 {(00:27)} 32. Kf1 {(00:38)} Qxg3 {(00:25)} 0-1

[Event "42nd Olympiad Baku 2016 Women"]
[Site "Baku"]
[Date "2016.09.04"]
[Round "3.1"]
[White "Farha, Doha"]
[Black "Mora Oviedo, Andrea Melissa"]
[Result "1-0"]
[ECO "D02"]
[WhiteElo "1851"]
[BlackElo "1783"]
[Annotator ""]
[PlyCount "137"]
[EventDate "2016.??.??"]
[EventCountry "AZE"]
[SourceTitle "playchess.com"]
[Source "ChessBase"]
[WhiteTeam "Syria"]
[BlackTeam "Honduras"]
[WhiteTeamCountry "SYR"]
[BlackTeamCountry "HON"]
[TimeControl "40/5400+30:1800+30"]

1. d4 {(00:00)} d5 {(00:00)} 2. Nf3 {(00:00)} c5 {(
01:14)} 3. e3 {(02:05)} Nf6 {(03:25)} 4. c4 {(05:01)} e6 {
(04:00)} 5. Nc3 {(00:59)} Bd7 {(06:03)} 6. cxd5 {(
04:00)} exd5 {(01:31)} 7. dxc5 {(03:33)} Qa5 {(02:58)} 8.
Bd2 {(13:01)} Qxc5 {(11:26)} 9. Rc1 {(04:11)} Qb6 {
(06:30)} 10. Ne5 {(11:35)} Be6 {(05:32)} 11. Nb5 {(
06:56)} Nc6 {(01:22)} 12. Nxc6 {(06:24)} bxc6 {(00:41)}
13. Nd4 {(02:26)} Bd7 {(06:48)} 14. Qc2 {(04:12)} c5 {
(04:41)} 15. Nf3 {(05:32)} Ne4 {(08:08)} 16. Be2 {(
06:36)} Be7 {(02:04)} 17. O-O {(01:19)} O-O {(02:43)} 18.
Rfd1 {(01:13)} Bf5 {(07:40)} 19. Bc3 {(08:24)} Nxc3 {
(01:01)} 20. Qxc3 {(00:22)} Be4 {(08:37)} 21. b3 {(
04:28)} Rac8 {(01:10)} 22. Bd3 {(01:39)} Bf6 {(03:05)} 23.
Qc2 {(00:23)} Rfe8 {(00:55)} 24. Bxe4 {(01:12)} dxe4 {
(00:47)} 25. Nd2 {(00:10)} Qc6 {(01:07)} 26. Nc4 {(
00:09)} Red8 {(01:05)} 27. Rxd8+ {(01:04)} Rxd8 {(00:15)}
28. Rd1 {(00:14)} Qc7 {(01:19)} 29. Rxd8+ {(01:25)} Qxd8 {
(00:27)} 30. Qd2 {(00:08)} Be7 {(00:59)} 31. Qxd8+ {
(00:25)} Bxd8 {(00:11)} 32. Nd6 {(00:07)} Kf8 {(04:
03)} 33. Nxe4 {(00:04)} Bb6 {(00:34)} 34. Kf1 {(00:05)} f6
{(00:33)} 35. Ke2 {(00:16)} Ke7 {(00:50)} 36. Kd3 Kd7 {
(00:54)} 37. Kc4 {(00:20)} Kc6 {(00:17)} 38. g4 {(
00:40)} Bc7 {(01:59)} 39. h4 {(00:25)} h5 {(01:13)} 40.
gxh5 {(00:00)} f5 {(00:00)} 41. Nxc5 {(01:17)} f4 {
(01:54)} 42. Ne6 {(00:31)} fxe3 {(01:06)} 43. fxe3 {
(00:05)} Be5 {(02:42)} 44. Nd4+ {(01:04)} Kd7 {(03:
04)} 45. Kd5 {(00:15)} Bf6 {(01:54)} 46. Nf5 {(00:17)} a5
{(02:17)} 47. e4 {(00:08)} Kc7 {(00:51)} 48. e5 {(
00:10)} Bd8 {(01:19)} 49. e6 {(00:19)} Bf6 {(01:21)} 50.
a3 {(02:16)} Bb2 {(00:41)} 51. b4 {(00:19)} a4 {(
00:51)} 52. Nd4 {(01:09)} Kd8 {(00:50)} 53. Nc2 {(01:57)}
Ke7 {(00:58)} 54. b5 {(00:07)} Bc1 {(01:11)} 55. b6 {
(00:04)} Bf4 {(03:03)} 56. b7 {(00:09)} Kf6 {(03:
55)} 57. Nb4 {(00:13)} Bg3 {(03:59)} 58. Nc6 {(00:08)} g6
{(00:25)} 59. hxg6 {(00:24)} Kxg6 60. b8=Q {(00:09)} Bxb8
{(01:06)} 61. Nxb8 {(00:05)} Kg7 {(00:10)} 62. e7 {
(00:07)} Kf7 {(00:08)} 63. Kd6 {(00:15)} Ke8 {(00:
03)} 64. h5 {(00:15)} Kf7 {(00:07)} 65. Kd7 {(00:09)} Kg7
{(00:13)} 66. e8=Q {(00:12)} Kh7 {(00:21)} 67. Qg6+ {
(00:07)} Kh8 {(00:04)} 68. Qf6+ {(00:33)} Kh7 {(00:
07)} 69. h6 {(00:07)} 1-0

[Event "42nd Olympiad Baku 2016 Women"]
[Site "Baku"]
[Date "2016.09.04"]
[Round "3.10"]
[White "Faruq, Afifa Ayyun"]
[Black "Biryukov, Alice"]
[Result "1-0"]
[ECO "C45"]
[WhiteElo "1667"]
[BlackElo "1898"]
[Annotator ""]
[PlyCount "73"]
[EventDate "2016.??.??"]
[EventCountry "AZE"]
[SourceTitle "playchess.com"]
[Source "ChessBase"]
[WhiteTeam "Indonesia"]
[BlackTeam "Luxembourg"]
[WhiteTeamCountry "INA"]
[BlackTeamCountry "LUX"]
[TimeControl "40/5400+30:1800+30"]

1. e4 {(00:00)} e5 {(00:00)} 2. Nf3 {(00:00)} Nc6 {
(00:00)} 3. d4 {(00:17)} exd4 {(00:22)} 4. Nxd4 {(
00:16)} Bc5 {(00:33)} 5. Be3 {(00:42)} Qf6 {(00:39)} 6. c3
{(00:20)} Nge7 {(00:40)} 7. g3 {(01:01)} O-O {(08:
31)} 8. Bg2 {(00:16)} d6 {(02:51)} 9. O-O {(01:33)} Ne5 {
(05:59)} 10. Nc2 {(12:35)} Bxe3 {(08:25)} 11. Nxe3 {
(00:17)} Qh6 {(03:02)} 12. Qe2 {(02:43)} Bh3 {(12:
58)} 13. f4 {(01:40)} N5c6 {(01:12)} 14. Nd2 {(01:15)}
Bxg2 {(02:50)} 15. Kxg2 {(00:32)} f5 {(03:35)} 16. Rae1 {
(02:01)} Qe6 {(06:48)} 17. exf5 {(08:55)} Nxf5 {(
01:41)} 18. Nxf5 {(00:50)} Qxe2+ {(02:00)} 19. Rxe2 {(00:
06)} Rxf5 {(00:12)} 20. Nf3 {(01:09)} h6 {(02:21)} 21.
Rfe1 {(01:40)} Kf7 {(02:13)} 22. Re4 {(08:20)} d5 {
(09:55)} 23. R4e3 {(01:45)} Rd8 {(01:28)} 24. R1e2 {
(01:44)} Rd7 {(01:12)} 25. b4 {(13:18)} a6 {(03:03]
} 26. a4 {(00:06)} b5 {(02:51)} 27. axb5 {(00:15)} axb5 {
(00:09)} 28. Ra2 {(00:41)} Re7 {(02:06)} 29. Rd3 {(
06:11)} Ke8 {(02:01)} 30. Nh4 {(03:11)} Rh5 {(02:42)} 31.
f5 {(03:19)} d4 {(01:40)} 32. Ra8+ {(05:43)} Kd7 {(
00:43)} 33. Kf2 {(06:18)} Kd6 {(02:23)} 34. cxd4 {(02:06)}
Kd5 {(03:15)} 35. Rc3 {(02:21)} Nxd4 {(01:35)} 36. Rd8+ {
(00:30)} Ke5 {(02:08)} 37. Re3+ {(00:24)} 1-0

[Event "42nd Olympiad Baku 2016 Women"]
[Site "Baku"]
[Date "2016.09.04"]
[Round "3.19"]
[White "Fernandez, Maria Florencia"]
[Black "Movileanu, Daniela"]
[Result "1-0"]
[ECO "A50"]
[WhiteElo "2189"]
[BlackElo "2268"]
[Annotator ""]
[PlyCount "91"]
[EventDate "2016.??.??"]
[EventCountry "AZE"]
[SourceTitle "playchess.com"]
[Source "ChessBase"]
[WhiteTeam "Argentina"]
[BlackTeam "Italy"]
[WhiteTeamCountry "ARG"]
[BlackTeamCountry "ITA"]
[TimeControl "40/5400+30:1800+30"]

1. d4 {(00:00)} Nf6 {(00:00)} 2. c4 {(00:00)} b6 {(
00:04)} 3. f3 {(01:23)} d5 {(06:00)} 4. cxd5 {(00:45)}
Nxd5 {(00:29)} 5. e4 {(00:19)} Nf6 {(00:06)} 6. Nc3 {
(01:16)} e6 {(01:08)} 7. Be3 {(01:37)} Bb7 {(04:07]
} 8. Bb5+ {(08:03)} c6 {(01:50)} 9. Bc4 {(06:40)} Be7 {
(02:29)} 10. Nge2 {(01:18)} O-O {(01:07)} 11. O-O {
(01:05)} Nbd7 12. e5 {(18:47)} Nd5 {(05:47)} 13. Nxd5 {
(00:46)} cxd5 {(01:24)} 14. Bd3 {(00:15)} Re8 {(03:
31)} 15. Rc1 {(11:05)} Nb8 {(11:03)} 16. Qc2 {(02:19)} g6
{(03:10)} 17. Bb5 {(03:23)} Rf8 {(01:47)} 18. Bh6 {
(13:24)} Bg5 {(03:47)} 19. Bxf8 {(00:21)} Bxc1 {(
03:52)} 20. Rxc1 {(00:14)} Kxf8 {(05:32)} 21. Qc7 {(01:31]
} Qxc7 {(04:39)} 22. Rxc7 {(00:05)} Ba6 {(00:09)} 23. Nc3
{(02:41)} Bxb5 {(04:30)} 24. Nxb5 {(00:15)} Na6 {(
00:14)} 25. Rxa7 {(02:20)} Rxa7 {(00:27)} 26. Nxa7 {(00:
04)} Nb4 {(09:18)} 27. a3 {(00:33)} Nc2 {(06:56)} 28. Nb5
{(02:32)} Ke7 {(01:09)} 29. Kf2 {(00:16)} Kd7 {(01:
14)} 30. Ke2 {(02:02)} Kc6 {(00:46)} 31. a4 {(01:03)} Nb4
{(02:08)} 32. Kd2 {(00:34)} Na2 {(01:44)} 33. g4 {(
02:06)} h6 {(04:32)} 34. h4 {(00:28)} Nb4 {(01:02)} 35. h5
{(08:31)} gxh5 {(05:01)} 36. gxh5 {(00:03)} Kd7 {(
00:24)} 37. Nd6 {(01:34)} Nc6 {(01:12)} 38. Kc3 {(06:18)}
Nd8 {(00:20)} 39. Kb4 {(00:57)} Nc6+ {(03:27)} 40. Kc3 {
(00:00)} Nd8 {(00:00)} 41. b4 {(09:09)} f6 {(07:26]
} 42. b5 {(00:21)} f5 {(02:02)} 43. Kb4 {(00:23)} Kc7 {
(13:49)} 44. a5 {(00:26)} bxa5+ {(03:14)} 45. Kxa5 {
(00:11)} f4 {(03:09)} 46. Ka6 {(00:26)} 1-0

[Event "42nd Olympiad Baku 2016 Women"]
[Site "Baku"]
[Date "2016.09.04"]
[Round "3.5"]
[White "Francis, Onkemetse"]
[Black "Tan, Li Ting"]
[Result "1/2-1/2"]
[ECO "C68"]
[WhiteElo "1777"]
[BlackElo "1993"]
[Annotator ""]
[PlyCount "96"]
[EventDate "2016.??.??"]
[EventCountry "AZE"]
[SourceTitle "playchess.com"]
[Source "ChessBase"]
[WhiteTeam "Botswana"]
[BlackTeam "Malaysia"]
[WhiteTeamCountry "BOT"]
[BlackTeamCountry "MAS"]
[TimeControl "40/5400+30:1800+30"]

1. e4 {(00:00)} e5 {(00:00)} 2. Nf3 {(00:00)} Nc6 {
(00:06)} 3. Bb5 {(00:03)} a6 {(02:17)} 4. Bxc6 {(
00:06)} dxc6 {(00:06)} 5. O-O {(00:07)} Bg4 {(09:31)} 6.
d3 {(00:13)} f6 {(03:59)} 7. Be3 {(01:24)} Qd7 {(
05:33)} 8. Nbd2 {(00:41)} c5 {(06:33)} 9. h3 {(05:27)} Be6
{(00:43)} 10. Qe2 {(01:48)} O-O-O {(05:43)} 11. Rfd1 {
(04:40)} Bd6 {(06:36)} 12. Nb3 {(02:20)} Qc6 {(17:
37)} 13. Nfd2 {(00:34)} b6 {(05:10)} 14. c3 {(15:43)} a5 {
(06:15)} 15. d4 {(10:13)} Bxb3 {(02:49)} 16. axb3 {
(01:01)} cxd4 {(06:18)} 17. cxd4 {(00:09)} exd4 {(
00:45)} 18. Bxd4 {(00:51)} Kb8 {(05:44)} 19. Bc3 {(10:39)}
Ne7 {(01:52)} 20. Rdc1 {(04:33)} Qb7 {(00:52)} 21. Nc4 {
(02:40)} Nc6 {(05:58)} 22. Qe1 {(04:55)} Bb4 {(01:
14)} 23. Qe3 {(05:47)} Rhe8 {(01:04)} 24. Qf4 {(00:33)}
Re7 {(04:04)} 25. Rd1 {(03:48)} Rde8 {(00:28)} 26. f3 {
(00:32)} Bc5+ {(00:07)} 27. Kh1 {(00:07)} Qc8 {(01:
03)} 28. Qd2 {(02:25)} Rd8 {(00:29)} 29. Qc2 {(00:24)} Bb4
{(00:30)} 30. Ne3 {(02:08)} Bxc3 {(00:43)} 31. bxc3 {
(00:22)} Red7 {(00:49)} 32. Nd5 {(01:00)} Qb7 {(00:
18)} 33. Rdc1 {(00:52)} Ne5 {(00:30)} 34. Rd1 {(01:36)} c6
{(00:34)} 35. Ne3 {(00:40)} Rxd1+ {(00:22)} 36. Rxd1 {
(00:13)} Rxd1+ {(00:05)} 37. Qxd1 {(00:05)} Qd7 {(
00:11)} 38. Qe1 {(05:19)} Qd3 {(01:08)} 39. Ng4 {(05:33)}
Nxg4 {(00:19)} 40. hxg4 {(00:00)} Kb7 {(00:00)} 41. f4 {
(10:43)} Qd7 {(07:05)} 42. Qe2 {(00:41)} Kc7 {(02:
44)} 43. Kh2 {(03:43)} Kd8 {(08:31)} 44. Kg3 {(03:06)} g5
{(04:18)} 45. fxg5 {(10:20)} fxg5 {(00:11)} 46. Qe3 {
(00:48)} Kc7 {(02:47)} 47. e5 {(03:16)} h6 {(03:26]
} 48. Qe4 {(04:39)} Qe7 {(01:58)} 1/2-1/2